SR
STATEN ISLAND PIZZA RATS @ UNION CITY HILLERS
08/16/2034
 
TOP OF THE 1ST
Staten Island Pizza Rats batting - Pitching for Union City Hillers : RHP Enreecko Avelino
Pitching: RHP Enreecko Avelino
Batting: RHB Curt Rovira 0-0: Ball
1-0: Ball
2-0: Called Strike
2-1: Foul Ball, location: 2F
2-2: Ball
3-2: Foul Ball, location: 2F
3-2: Fly out, F7 (Flyball, 7)
Batting: RHB Albert McBride 0-0: Ground out 6-3 (Groundball, 6)
Batting: LHB Ismael Soto 0-0: Ball
1-0: Called Strike
1-1: Foul Ball, location: 2F
1-2: Ball
2-2: Fly out, F9 (Flyball, 9S)
Top of the 1st over - 0 runs, 0 hits, 0 errors, 0 left on base; Staten Island 0 - Union City 0
BOTTOM OF THE 1ST
Union City Hillers batting - Pitching for Staten Island Pizza Rats : RHP Marnix de Jonge
Pitching: RHP Marnix de Jonge
Batting: RHB Steffen Jones 0-0: Ball
1-0: Foul Ball, location: 2F
1-1: Foul Ball, location: 2F
1-2: Ball
2-2: Foul Ball, location: 2F
2-2: Strikes out looking
Batting: RHB Joe Gram 0-0: Ball
1-0: Called Strike
1-1: Called Strike
1-2: Strikes out looking
Batting: LHB Seb Blanch 0-0: Foul Ball, location: 2F
0-1: Ground out U3 (Groundball, 3)
Bottom of the 1st over - 0 runs, 0 hits, 0 errors, 0 left on base; Staten Island 0 - Union City 0
TOP OF THE 2ND
Staten Island Pizza Rats batting - Pitching for Union City Hillers : RHP Enreecko Avelino
Batting: LHB Tony Rincón 0-0: Ball
1-0: Ball
2-0: SOLO HOME RUN (Flyball, 7D), Distance : 411 ft
Batting: RHB Brock Waxley 0-0: Foul Ball, location: 2F
0-1: Foul Ball, location: 2F
0-2: Ball
1-2: Ball
2-2: Strikes out swinging
Batting: LHB Puck Schit 0-0: Ball
1-0: Ball
2-0: Fly out, F9 (Flyball, 89S)
Batting: RHB Jack Lynch 0-0: Ball
1-0: SINGLE (Groundball, 56D)
Batting: RHB Jorge Japón 0-0: Called Strike
0-1: Called Strike
0-2: Foul Ball, location: 2F
0-2: Fielders Choice at 2nd, 6-4 (Groundball, 6)
Top of the 2nd over - 1 run, 2 hits, 0 errors, 1 left on base; Staten Island 1 - Union City 0
BOTTOM OF THE 2ND
Union City Hillers batting - Pitching for Staten Island Pizza Rats : RHP Marnix de Jonge
Batting: SHB Mo Meaker 0-0: Ball
1-0: Fly out, F7 (Flyball, 7LM)
Batting: RHB Jesús Capmany 0-0: Ball
1-0: Ball
2-0: Called Strike
2-1: Foul Ball, location: 2F
2-2: Foul Ball, location: 2F
2-2: Foul Ball, location: 2F
2-2: SINGLE (Groundball, 34D)
Batting: RHB Tony Juderías 0-0: Ball
1-0: Foul Ball, location: 2F
1-1: Ball
2-1: Ball
3-1: Grounds into double play, 4-6-3 (Groundball, 4)
Bottom of the 2nd over - 0 runs, 1 hit, 0 errors, 0 left on base; Staten Island 1 - Union City 0
TOP OF THE 3RD
Staten Island Pizza Rats batting - Pitching for Union City Hillers : RHP Enreecko Avelino
Batting: LHB Carlos Sánchez 0-0: Ball
1-0: DOUBLE (Groundball, 5L)
Batting: RHB Curt Rovira 0-0: Ball
1-0: Called Strike
1-1: Ball
2-1: Ground out 4-3 (Groundball, 4)
Carlos Sánchez to third
Batting: RHB Albert McBride 0-0: Ball
1-0: Ball
2-0: Swinging Strike
2-1: Swinging Strike
2-2: Strikes out swinging
Batting: LHB Ismael Soto 0-0: Ball
1-0: Foul Ball, location: 2F
1-1: Ball
2-1: Ball
3-1: Swinging Strike
3-2: Strikes out swinging
Top of the 3rd over - 0 runs, 1 hit, 0 errors, 1 left on base; Staten Island 1 - Union City 0
BOTTOM OF THE 3RD
Union City Hillers batting - Pitching for Staten Island Pizza Rats : RHP Marnix de Jonge
Batting: RHB Artur Nugaev 0-0: Called Strike
0-1: Called Strike
0-2: Ball
1-2: Foul Ball, location: 2F
1-2: SINGLE (Line Drive, 4D)
Batting: RHB Guaire O'Clavin 0-0: Called Strike
0-1: SINGLE (Groundball, 56) (infield hit)
Artur Nugaev to second
Batting: RHB Bernard Cook 0-0: Ball
1-0: Fly out, F7 (Line Drive, 7D)
Runner from 2nd tags up, SAFE at 3rd, no throw
Batting: RHB Steffen Jones 0-0: Ball
1-0: SINGLE (Groundball, 56D)
Artur Nugaev scores
Guaire O'Clavin to second
Batting: RHB Joe Gram 0-0: Ball
1-0: Called Strike
1-1: Foul Ball, location: 2F
1-2: Strikes out swinging
Batting: LHB Seb Blanch 0-0: Ball
1-0: Ball
2-0: Ground out 6-3 (Groundball, 6S)
Bottom of the 3rd over - 1 run, 3 hits, 0 errors, 2 left on base; Staten Island 1 - Union City 1
TOP OF THE 4TH
Staten Island Pizza Rats batting - Pitching for Union City Hillers : RHP Enreecko Avelino
Batting: LHB Tony Rincón 0-0: SINGLE (Groundball, 4MD)
Batting: RHB Brock Waxley 0-0: Ball
1-0: Foul Ball, location: 2F
1-1: Called Strike
1-2: Strikes out swinging
Batting: LHB Puck Schit 0-0: SINGLE (Groundball, 4D) (infield hit)
Tony Rincón to second
Batting: RHB Jack Lynch 0-0: Fly out, F9 (Flyball, 9LM)
Batting: RHB Jorge Japón 0-0: Ball
1-0: Foul Ball, location: 2F
1-1: Ball
2-1: Swinging Strike
2-2: Strikes out swinging
Top of the 4th over - 0 runs, 2 hits, 0 errors, 2 left on base; Staten Island 1 - Union City 1
BOTTOM OF THE 4TH
Union City Hillers batting - Pitching for Staten Island Pizza Rats : RHP Marnix de Jonge
Batting: SHB Mo Meaker 0-0: Swinging Strike
0-1: Foul Ball, location: 2F
0-2: Ball
1-2: Strikes out swinging
Batting: RHB Jesús Capmany 0-0: Ball
1-0: Fly out, F7 (Flyball, 7LS)
Batting: RHB Tony Juderías 0-0: Ball
1-0: Foul Ball, location: 2F
1-1: Ground out 6-3 (Groundball, 56)
Bottom of the 4th over - 0 runs, 0 hits, 0 errors, 0 left on base; Staten Island 1 - Union City 1
TOP OF THE 5TH
Staten Island Pizza Rats batting - Pitching for Union City Hillers : RHP Enreecko Avelino
Batting: LHB Carlos Sánchez 0-0: Called Strike
0-1: Foul Ball, location: 2F
0-2: Ball
1-2: Fly out, F7 (Flyball, 7)
Batting: RHB Curt Rovira 0-0: Ball
1-0: Called Strike
1-1: SINGLE (Groundball, 6MD)
Batting: RHB Albert McBride 0-0: Called Strike
0-1: Fielders Choice at 2nd, 4-6 (Groundball, 4)
Batting: LHB Ismael Soto 0-0: Ball
1-0: Ball
2-0: DOUBLE (Flyball, 8RXD)
Albert McBride to third
Batting: LHB Tony Rincón 0-0: Ball
1-0: Swinging Strike
1-1: Swinging Strike
1-2: Ball
2-2: Foul Ball, location: 2F
2-2: Strikes out swinging
Top of the 5th over - 0 runs, 2 hits, 0 errors, 2 left on base; Staten Island 1 - Union City 1
BOTTOM OF THE 5TH
Union City Hillers batting - Pitching for Staten Island Pizza Rats : RHP Marnix de Jonge
Batting: RHB Artur Nugaev 0-0: Called Strike
0-1: Ground out 4-3 (Groundball, 34)
Batting: RHB Guaire O'Clavin 0-0: Foul Ball, location: 2F
0-1: Foul Ball, location: 2F
0-2: Foul Ball, location: 2F
0-2: Ball
1-2: SINGLE (Flyball, 7LS)
Batting: RHB Bernard Cook 0-0: Called Strike
0-1: Foul Ball, location: 2F
0-2: Foul Ball, location: 2F
0-2: Ball
1-2: Strikes out swinging
Batting: RHB Steffen Jones 0-0: Ball
1-0: Ball
2-0: Fielders Choice at 2nd, 6-4 (Groundball, 6)
Bottom of the 5th over - 0 runs, 1 hit, 0 errors, 1 left on base; Staten Island 1 - Union City 1
TOP OF THE 6TH
Staten Island Pizza Rats batting - Pitching for Union City Hillers : RHP Enreecko Avelino
Batting: RHB Brock Waxley 0-0: Called Strike
0-1: Ball
1-1: Ball
2-1: Fly out, F8 (Flyball, 8RD)
Batting: LHB Puck Schit 0-0: Ball
1-0: Ball
2-0: Ball
3-0: Called Strike
3-1: Called Strike
3-2: Ground out 4-3 (Groundball, 4)
Batting: RHB Jack Lynch 0-0: Called Strike
0-1: Called Strike
0-2: Foul Ball, location: 2F
0-2: Foul Ball, location: 2F
0-2: Ball
1-2: Ball
2-2: Foul Ball, location: 2F
2-2: Strikes out looking
Top of the 6th over - 0 runs, 0 hits, 0 errors, 0 left on base; Staten Island 1 - Union City 1
BOTTOM OF THE 6TH
Union City Hillers batting - Pitching for Staten Island Pizza Rats : RHP Marnix de Jonge
Batting: RHB Joe Gram 0-0: Called Strike
0-1: Ball
1-1: Fly out, F8 (Flyball, 8RM)
Batting: LHB Seb Blanch 0-0: Ball
1-0: Called Strike
1-1: Foul Ball, location: 2F
1-2: SOLO HOME RUN (Flyball, 9D), Distance : 381 ft
Batting: SHB Mo Meaker 0-0: Foul Ball, location: 2F
0-1: Called Strike
0-2: Ball
1-2: Foul Ball, location: 2F
1-2: Fly out, F6 (Flyball, 6MD)
Batting: RHB Jesús Capmany 0-0: Called Strike
0-1: Swinging Strike
0-2: Ball
1-2: Strikes out swinging
Bottom of the 6th over - 1 run, 1 hit, 0 errors, 0 left on base; Staten Island 1 - Union City 2
TOP OF THE 7TH
Staten Island Pizza Rats batting - Pitching for Union City Hillers : RHP Enreecko Avelino
Batting: RHB Jorge Japón 0-0: Ball
1-0: Fly out, F3 (Popup, 3F)
Batting: LHB Carlos Sánchez 0-0: Called Strike
0-1: Foul Ball, location: 2F
0-2: Strikes out swinging
Batting: RHB Curt Rovira 0-0: Ball
1-0: Ball
2-0: Ball
3-0: Called Strike
3-1: Foul Ball, location: 2F
3-2: Strikes out swinging
Top of the 7th over - 0 runs, 0 hits, 0 errors, 0 left on base; Staten Island 1 - Union City 2
BOTTOM OF THE 7TH
Union City Hillers batting - Pitching for Staten Island Pizza Rats : RHP Marnix de Jonge
Batting: RHB Tony Juderías 0-0: Ball
1-0: Ground out 6-3 (Groundball, 6)
Batting: RHB Artur Nugaev 0-0: Swinging Strike
0-1: Ball
1-1: Ground out 5-3 (Groundball, 56)
Batting: RHB Guaire O'Clavin 0-0: Foul Ball, location: 2F
0-1: Foul Ball, location: 2F
0-2: Foul Ball, location: 2F
0-2: Ball
1-2: Foul Ball, location: 2F
1-2: Ball
2-2: Strikes out swinging
Bottom of the 7th over - 0 runs, 0 hits, 0 errors, 0 left on base; Staten Island 1 - Union City 2
TOP OF THE 8TH
Staten Island Pizza Rats batting - Pitching for Union City Hillers : RHP Enreecko Avelino
Batting: RHB Albert McBride 0-0: Called Strike
0-1: Foul Ball, location: 2F
0-2: Strikes out swinging
Batting: LHB Ismael Soto 0-0: SINGLE (Groundball, 3D)
Batting: LHB Tony Rincón 0-0: Foul Ball, location: 2F
0-1: Ball
1-1: Called Strike
1-2: SINGLE (Line Drive, 7LM)
Ismael Soto to second
Pinch Hitting: LHB Wilson Sabadodíaz 0-0: Called Strike
0-1: Called Strike
0-2: Fly out, F5 (Line Drive, 5S)
Pitching: RHP Xavier Conceio
Pinch Hitting: LHB Kahutea Eperaima 0-0: Called Strike
0-1: Foul Ball, location: 2F
0-2: Ball
1-2: Ball
2-2: Foul Ball, location: 2F
2-2: Foul Ball, location: 2F
2-2: Strikes out swinging
Top of the 8th over - 0 runs, 2 hits, 0 errors, 2 left on base; Staten Island 1 - Union City 2
BOTTOM OF THE 8TH
Union City Hillers batting - Pitching for Staten Island Pizza Rats : RHP Marnix de Jonge
Now in CF: Wilson Sabadodíaz
Now in RF: Kahutea Eperaima
Batting: RHB Bernard Cook 0-0: Ball
1-0: Foul Ball, location: 2F
1-1: Swinging Strike
1-2: Foul Ball, location: 2F
1-2: Strikes out looking
Batting: RHB Steffen Jones 0-0: Called Strike
0-1: Ball
1-1: Ball
2-1: SINGLE (Line Drive, 89S)
Pitching: RHP Bernard Bumpus
Batting: RHB Joe Gram 0-0: Fielders Choice at 2nd, 6-4 (Groundball, 6M)
Batting: LHB Seb Blanch 0-0: Ball
1-0: Ball
2-0: Ball
3-0: Base on Balls
Joe Gram to second
Batting: SHB Mo Meaker 0-0: Ball
1-0: Fly out, F7 (Flyball, 7S)
Bottom of the 8th over - 0 runs, 1 hit, 0 errors, 2 left on base; Staten Island 1 - Union City 2
TOP OF THE 9TH
Staten Island Pizza Rats batting - Pitching for Union City Hillers : RHP Xavier Conceio
Batting: RHB Jack Lynch 0-0: Called Strike
0-1: Foul Ball, location: 2F
0-2: Foul Ball, location: 2F
0-2: DOUBLE (Line Drive, 78D)
Batting: RHB Jorge Japón 0-0: Ball
1-0: Foul Ball, location: 2F
1-1: Fly out, F3 (Popup, 34S)
Batting: LHB Carlos Sánchez 0-0: Called Strike
0-1: Foul Ball, location: 2F
0-2: SINGLE (Line Drive, 8RM)
Jack Lynch to third
Runner from 3rd tries for Home, SAFE, no throw
Batting: RHB Curt Rovira 0-0: Called Strike
0-1: SINGLE (Line Drive, 8RS)
Carlos Sánchez to second
Batting: RHB Albert McBride 0-0: Called Strike
0-1: Fielders Choice at 2nd, 6-4 (Groundball, 56)
Carlos Sánchez to third
Batting: LHB Ismael Soto 0-0: Ball
1-0: Foul Ball, location: 2F
1-1: Called Strike
1-2: Strikes out looking
Top of the 9th over - 1 run, 3 hits, 0 errors, 2 left on base; Staten Island 2 - Union City 2
BOTTOM OF THE 9TH
Union City Hillers batting - Pitching for Staten Island Pizza Rats : RHP Bernard Bumpus
Pitching: LHP Julius Spry
Batting: RHB Jesús Capmany 0-0: Ball
1-0: Ball
2-0: Ground out 6-3 (Groundball, 6)
Batting: RHB Tony Juderías 0-0: Swinging Strike
0-1: Swinging Strike
0-2: Ball
1-2: Strikes out swinging
Batting: RHB Artur Nugaev 0-0: Called Strike
0-1: Ball
1-1: Ground out 1-3 (Groundball, 15S)
Bottom of the 9th over - 0 runs, 0 hits, 0 errors, 0 left on base; Staten Island 2 - Union City 2
TOP OF THE 10TH
Staten Island Pizza Rats batting - Pitching for Union City Hillers : RHP Xavier Conceio
Pitching: LHP Wally Blue
Batting: LHB Tony Rincón 0-0: Ball
1-0: Foul Ball, location: 2F
1-1: Foul Ball, location: 2F
1-2: Ball
2-2: Foul Ball, location: 2F
2-2: Foul Ball, location: 2F
2-2: Foul Ball, location: 2F
2-2: Foul Ball, location: 2F
2-2: Ball
3-2: DOUBLE (Line Drive, 78M)
Batting: LHB Wilson Sabadodíaz 0-0: Intentional Walk
Batting: LHB Kahutea Eperaima 0-0: Sac Bunt - play at third, runner OUT! 1-5
Wilson Sabadodíaz to second
Batting: RHB Jack Lynch 0-0: Ball
1-0: Called Strike
1-1: Foul Ball, location: 2F
1-2: Foul Ball, location: 2F
1-2: SINGLE (Groundball, 6MD)
Wilson Sabadodíaz to third
Kahutea Eperaima to second
Runner from 3rd tries for Home, SAFE, no throw
Batting: RHB Jorge Japón 0-0: Ball
1-0: Foul Ball, location: 2F
1-1: Ball
2-1: Called Strike
2-2: Foul Ball, location: 2F
2-2: Foul Ball, location: 2F
2-2: Strikes out swinging
Batting: LHB Carlos Sánchez 0-0: Foul Ball, location: 2F
0-1: Ball
1-1: DOUBLE (Groundball, 3L)
Kahutea Eperaima scores
Jack Lynch to third
Runner from 3rd tries for Home, SAFE, no throw
Batting: RHB Curt Rovira 0-0: Ball
1-0: Called Strike
1-1: Ball
2-1: Foul Ball, location: 2F
2-2: Strikes out swinging
Top of the 10th over - 3 runs, 3 hits, 0 errors, 1 left on base; Staten Island 5 - Union City 2
BOTTOM OF THE 10TH
Union City Hillers batting - Pitching for Staten Island Pizza Rats : LHP Julius Spry
Now at 2B: Anastasio Colomo
Now in RF: António Reyes
Batting: RHB Guaire O'Clavin 0-0: Ball
1-0: Ball
2-0: Called Strike
2-1: Swinging Strike
2-2: Strikes out swinging
Batting: RHB Bernard Cook 0-0: Ball
1-0: Called Strike
1-1: Swinging Strike
1-2: Ball
2-2: Fly out, F7 (Flyball, 7D)
Batting: RHB Steffen Jones 0-0: Foul Ball, location: 2F
0-1: Called Strike
0-2: Strikes out swinging
Bottom of the 10th over - 0 runs, 0 hits, 0 errors, 0 left on base; Staten Island 5 - Union City 2
Friday, March 29th, 2019 - OOTP Baseball 18.8 Build 76